 Dungeon Crawl Stone Soup version 0.17.0-28-g6e173f8 (webtiles) character file.

37 Arkorax the Insei (level 3, -6/23 HPs)
             Began as an Octopode Transmuter on Nov 22, 2015.
             Mangled by a gnoll
             ... wielding a +2 flail of holy wrath
              (14 damage)
             ... on level 1 of the Dungeon.
             The game lasted 00:02:33 (1396 turns).

Arkorax the Insei (Octopode Transmuter)             Turns: 1396, Time: 00:02:33

Health: -6/23      AC:  1    Str:  9    XL:     3   Next: 41%
Magic:  5/6        EV: 12    Int: 15    God:
Gold:   60         SH:  0    Dex: 13    Spells: 1 memorised, 5 levels left

rFire  . . .     SeeInvis .       - Unarmed
rCold  . . .     Clarity  .     (no shield)
rNeg   . . .     SustAt   .     (helmet restricted)
rPois  .         Gourm    .     (no amulet)
rElec  .         Spirit   .     (no ring)
rCorr  .         Warding  .     (no ring)
rMut   .         Stasis   .     (no ring)
MR     .....                    (no ring)
Stlth  ++........               (no ring)
                                (no ring)
                                (no ring)
                                (no ring)

@: appendage, not resistant to hostile enchantments, unstealthy
A: almost no armour, amphibious, 8 rings, constrict 8, tentacle spike 3,
camouflage 1, gelatinous body 1
a: End Transformation


You were on level 1 of the Dungeon.
You were not hungry.
One of your tentacles had a temporary spike.
You visited 1 branch of the dungeon, and saw 2 of its levels.

You collected 60 gold pieces.

Inventory:

Missiles
 a - 27 arrows
Scrolls
 d - a scroll of noise {unknown}
 e - a scroll of remove curse {unknown}
 i - a scroll of fog {unknown}
 j - a scroll of teleportation {unknown}
 l - a scroll of recharging {unknown}
Books
 b - a book of Changes

   Spells                             Type                      Level
   a - Beastly Appendage              Transmutation                1
   b - Sticks to Snakes               Transmutation                2
   c - Spider Form                    Transmutation/Poison         3
   d - Ice Form                       Ice/Transmutation            4
   e - Blade Hands                    Transmutation                5
Comestibles
 c - 2 bread rations
 f - a royal jelly
 g - a meat ration
 h - 5 fruits


   Skills:
 - Level 1.0 Fighting
 - Level 2.0 Dodging
 + Level 3.6 Unarmed Combat
 - Level 2.0 Spellcasting
 + Level 3.0 Transmutations


You had 5 spell levels left.
You knew the following spells:

 Your Spells              Type           Power        Failure   Level  Hunger
a - Beastly Appendage     Trmt           ##....       8%          1    #......


Dungeon Overview and Level Annotations

Branches:
Dungeon (2/15)

Altars:
Trog


Innate Abilities, Weirdness & Mutations

You cannot wear most types of armour.
You are amphibious.
You can wear up to eight rings at the same time.
You can use your tentacles to constrict eight enemies at once.
Your skin changes colour to match your surroundings (Stealth).
Your rubbery body absorbs attacks (AC +1).
One of your tentacles bears a large vicious spike.


Message History

Casting: Beastly Appendage
Confirm with . or Enter, or press ? or * to list all spells.
One of your tentacles grows a vicious spike.
You tentacle-slap the gnoll. Your grab misses the gnoll.
Your tentacle spike misses the gnoll.
Your squeeze misses the gnoll.
The gnoll is moderately wounded.
The gnoll hits you with a flail of holy wrath.
You closely miss the gnoll. Your grab misses the gnoll. You squeeze the gnoll.
The gnoll is heavily wounded.
The gnoll hits you with a flail of holy wrath.
You barely miss the gnoll. Your grab misses the gnoll.
Your tentacle spike misses the gnoll.
The gnoll is heavily wounded.
The gnoll hits you with a flail of holy wrath.
You tentacle-slap the gnoll. You grab the gnoll. Your squeeze misses the gnoll.
The gnoll is almost dead.
You constrict the gnoll.
The gnoll hits you with a flail of holy wrath!
Ouch! That really hurt!
You die...

#.##### #.# #.##### #.#
##.#...###.#
#####..........##################
.[...###.........................
.....###...##..########.#########
...............# #.........#
####.####.###.################...
.........>.....g@............#...
####...##.#.#.#####...######.....
# ####.##.#.#.#####.#.# ##.#.# #
#..#.##.#.#.......#.# ###...#
###..#.#......#######.# ###......
.....#.####.#.###.....# #.......#
.###.#................###.....#.#
.# #.#####......#.............#..
.###.#..............###########..


You could see a gnoll.

Vanquished Creatures
  An adder (D:2)
  3 giant geckos (D:1)
  6 hobgoblins
  A ball python (D:1)
  2 giant cockroaches
  A giant newt (D:2)
  5 goblins
  4 kobolds
  4 rats (D:1)
27 creatures vanquished.

Notes
Turn   | Place    | Note
--------------------------------------------------------------
     0 | D:1      | Arkorax the Octopode Transmuter began the quest for the Orb.
     0 | D:1      | Reached XP level 1. HP: 13/13 MP: 3/3
   415 | D:1      | Reached XP level 2. HP: 18/18 MP: 3/5
  1145 | D:2      | Reached XP level 3. HP: 23/23 MP: 4/6
  1235 | D:2      | Found a bloodstained altar of Trog.
  1396 | D:1      | Mangled by a gnoll

Action                   || total
-------------------------++-------
Melee: Unarmed           ||    62
 Cast: Beastly Appendage ||    15
 Stab: Sleeping          ||     7
  Eat: Chunk             ||     2
